 Dungeon Crawl Stone Soup version 0.31.0-4-g52a2dc7128 (webtiles) character file.

Game seed: 8959350871088334960

105 browni3141 the Sneak (level 5, -9/21 (31) HPs)
             Began as a Kobold Reaver on Jan 23, 2024.
             Mangled by a gnoll
             ... wielding a +0 halberd
              (13 damage)
             ... on level 3 of the Dungeon.
             The game lasted 00:04:30 (2389 turns).

browni3141 the Sneak (Kobold Reaver)                Turns: 2389, Time: 00:04:31

HP:   -9/21 (31)    AC:  3    Str:  9    XL:     5   Next: 9%
MP:   8/8           EV:  7    Int: 14    God:
Gold: 99            SH:  0    Dex: 16    Spells: 5/8 levels left

rFire   . . .        o - +6 rapier (freeze)
rCold   . . .        (no shield)
rNeg    . . .        b - +0 leather armour
rPois   .            (no helmet)
rElec   .            (no cloak)
rCorr   .            (no gloves)
SInv    .            (no boots)
Will    .....        (no amulet)
Stlth   ++++         (no ring)
HPRegen 0.23/turn    (no ring)
MPRegen 0.11/turn

%: no passive effects
@: held, very heavily drained
A: small, no large weapons, nightstalker 3
a: no special abilities


You were on level 3 of the Dungeon.
You visited 1 branch of the dungeon, and saw 3 of its levels.

You collected 99 gold pieces.

Inventory:

Hand Weapons
 a - a +0 short sword
 o - a +6 rapier of freezing (weapon)
Armour
 b - a +0 leather armour (worn)
 n - a +1 plate armour of positive energy
 u - an orb of mayhem
Wands
 r - a wand of quicksilver (6)
Scrolls
 c - 5 scrolls of identify {unknown}
 d - a scroll of summoning {unknown}
 f - a scroll of blinking {unknown}
 g - a scroll of noise {unknown}
 k - a scroll of vulnerability {unknown}
 l - a scroll of teleportation {unknown}
 m - a scroll of torment {unknown}
 v - a scroll of fear {unknown}
Potions
 e - a potion of lignification {unknown}
 h - a potion of ambrosia {unknown}
 i - a potion of heal wounds {unknown}
 j - 2 potions of curing {unknown}
 p - a potion of mutation {unknown}
 q - a potion of brilliance {unknown}
 s - a potion of degeneration {unknown}
 t - a potion of enlightenment {unknown}


   Skills:
 + Level 2.5 Fighting
 * Level 4.4 Short Blades
 + Level 2.7 Dodging
 - Level 5.0 Stealth
 + Level 2.4 Spellcasting
 - Level 3.0 Conjurations


You had 5 spell levels left.
You knew the following spells:

 Your Spells              Type           Power      Damage    Failure   Level
m - Momentum Strike       Conj/Tloc      12%        3d8       26%         2
K - Kiss of Death         Conj/Necr      24%        2d7       17%         1

Your spell library contained the following spells:

 Spells                   Type           Power      Damage    Failure   Level
 Hailstorm                Conj/Ice       6%         3d5       45%         3


Dungeon Overview and Level Annotations

Branches:
Dungeon (3/15)

Altars:
Hepliaklqana
Nemelex Xobeh
Yredelemnul


Innate Abilities, Weirdness & Mutations

You are small and have problems with some larger weapons.
You are completely attuned to the shadows.


Message History

Your +6 rapier of freezing glows with a cold blue light!
o - a +6 rapier of freezing (weapon)
Magic restored.
HP restored.
A ball python comes into view.
An orc comes into view. It is wielding a +0 mace.
The ball python bites you. The ball python grabs you.
The ball python constricts you. The ball python bites you.
The ball python constricts you.
You barely miss the ball python. The ball python bites you.
The ball python constricts you.
You are too injured to fight recklessly!
You puncture the ball python!
The ball python seems to slow down.
You freeze the ball python.
You kill the ball python!
You start resting.
HP restored.
No target in view!
No target in view!
The orc shouts!
You hear a shout!
You puncture the orc! You freeze the orc.
You kill the orc!
A kobold comes into view.
It is wielding a +1 short sword of freezing.
The kobold closely misses you.
You see here a maw talisman.
You hit the kobold but do no damage. The kobold closely misses you.
You hit the kobold. You freeze the kobold.
You kill the kobold!
Unknown command.
No target in view!
You see here a +1 short sword of freezing.
You see here a maw talisman.
p - a viscous black potion
Found an escape hatch in the floor.
Found a stone staircase leading down.
There is a stone staircase leading down here.
A goblin comes into view. It is wielding a +0 dagger.
The goblin shouts!
A goblin is nearby!
A goblin is nearby!
A goblin is nearby!
You hit the goblin. You freeze the goblin.
The goblin is severely wounded.
The goblin closely misses you.
You barely miss the goblin.
The goblin is severely wounded.
The goblin closely misses you.
You puncture the goblin! You freeze the goblin.
You kill the goblin!
No target in view!
c - 5 scrolls labelled URAECIUTAE (gained 1)
q - a bubbling blue potion A rat comes into view.
A rat is nearby!
A rat is nearby!
The rat squeaks loudly.
A quokka comes into view.
You hit the rat. You freeze the rat.
You kill the rat!
The quokka bites you.
You puncture the quokka! You freeze the quokka.
You kill the quokka!
No target in view!
No target in view!
There is an escape hatch in the floor, spattered with blood here.
Things that are here:
a +0 dagger; a goblin corpse
r - a wand of quicksilver (6)
An endoplasm comes into view.
An endoplasm is nearby!
The helpless endoplasm fails to defend itself.
You impale the endoplasm!! You freeze the endoplasm.
You kill the endoplasm!
No target in view!
Setting a skill training target for Short Blades at 14.0.
Unknown command.
No target in view!
No target in view!
s - a metallic pink potion
t - a murky emerald potion
u - an orb of mayhem
v - a scroll labelled HEUCWU HADAN A gnoll is nearby!
A gnoll is nearby!
The gnoll shouts! x2; You hear a shout!
The gnoll completely misses you.
The gnoll throws a throwing net.
The throwing net hits you.
You become entangled in the net!
The gnoll hits you from afar with a +0 spear.
You see here a throwing net.
You are held in a net!
You struggle against the net.
The gnoll hits you with a +0 halberd!
Ouch! That really hurt!
* * * LOW HITPOINT WARNING * * *
The gnoll closely misses you.
The gnoll hits you from afar with a +0 spear.
* * * LOW HITPOINT WARNING * * *
The gnoll shouts!
You tear a large gash into the net.
The gnoll hits you with a +0 halberd!
Ouch! That really hurt!
You die...

..####.###.....###..#..##.#
######...<.########..#.#..#
# #.....#### #........##
...##.## #........#
#####.### #........#
#...#...## ##........#
.........## ###.g...###.####
....))....###...g(..#$#.....
..........#....@.g..###.....
...............#..g.........
.........##...##............
#...#...###...##......#.....
####...###########.....
#...############.####
#.#.###.....##.....##
##...##..............##
##...##......)%........#


You could see 4 gnolls.

Vanquished Creatures
  A gnoll (D:1)
  3 adders (D:2)
  2 dart slugs
  2 ribbon worms (D:2)
  3 orcs (D:3)
  5 endoplasms
  A giant cockroach (D:1)
  4 goblins
  4 hobgoblins
  3 jackals (D:2)
  3 quokkas
  4 ball pythons
  5 bats
  4 frilled lizards
  6 kobolds
  4 rats
  A spectral orc (D:3)
55 creatures vanquished.

Notes
Turn   | Place    | Note
-------+----------+-------------------------------------------
     0 | D:1      | browni3141 the Kobold Reaver began the quest for the Orb.
     0 | D:1      | Reached XP level 1. HP: 12/12 MP: 3/3
   178 | D:1      | Reached XP level 2. HP: 5/15 MP: 5/5
   289 | D:1      | Reached skill level 1 in Stealth
   511 | D:1      | Reached skill level 2 in Stealth
   630 | D:1      | Reached skill level 3 in Stealth
   630 | D:1      | Reached XP level 3. HP: 16/18 MP: 4/6
   817 | D:2      | Reached skill level 4 in Stealth
   884 | D:2      | Learned a level 2 spell: Momentum Strike
   888 | D:2      | Reached XP level 4. HP: 13/22 MP: 4/7
  1521 | D:2      | Reached skill level 5 in Stealth
  1567 | D:3      | Found a basalt altar of Yredelemnul.
  1609 | D:3      | Found a sparkling altar of Nemelex Xobeh.
  1639 | D:3      | Found a hazy altar of Hepliaklqana.
  1966 | D:3      | Reached XP level 5. HP: 10/21 MP: 6/8
  2389 | D:3      | Mangled by a gnoll

Illustrated notes

Levels and vault maps discovered:
D:1:      minmay_arrival_split_and_join, layout_basic, chequers_mini_garden
D:2:      layout_rooms
D:3:      layout_rooms, good_gods_mini_temple,
          nicolae_hepliaklqana_monster_ancestors,
          mainiacjoe_overflow_divided_tiny, minivault_5,
          mrwooster_statue_mirror, item_on_display_a

Skill      XL: |  1  2  3  4 |
---------------+-------------+-----
Stealth        | 3 4 5 |  5.0
Fighting       | |  2.5
Short Blades   | |  4.4
Dodging        | |  2.7
Spellcasting   | |  2.4
Conjurations   | |  3.0

Action                     |  1- 3 |  4- 6 || total
---------------------------+-------+-------++-------
  Melee: Short sword       |   101 |    63 ||   164
         Rapier            |       |    11 ||    11
   Cast: Kiss of Death     |     3 |     2 ||     5
         Momentum Strike   |     1 |       ||     1
   Stab: Sleeping          |     4 |    13 ||    17
         Distracted        |       |     1 ||     1
 Armour: Leather armour    |    39 |    33 ||    72
  Dodge: Dodged            |    55 |    24 ||    79
